 Dungeon Crawl Stone Soup version 0.26.1-10-gdfb7c7de75 (webtiles) character file.

Game seed: 3275152465925635861

10 MalarOregon the Grasshopper (level 2, 0/19 HPs)
             Began as a Halfling Warper on Apr 1, 2021.
             Slain by a jackal (2 damage)
             ... on level 1 of the Dungeon.
             The game lasted 00:01:23 (70 turns).

MalarOregon the Grasshopper (Halfling Warper)         Turns: 70, Time: 00:01:24

Health: 0/19       AC:  3    Str: 12    XL:     2   Next: 30%
Magic:  4/4        EV: 14    Int: 11    God:
Gold:   0          SH:  0    Dex: 13    Spells: 4/4 levels left

rFire    . . .     SeeInvis .   a - +0 falchion
rCold    . . .     Faith    .   (shield restricted)
rNeg     . . .     Spirit   .   b - +0 leather armour
rPois    .         Reflect  .   (no helmet)
rElec    .         Harm     .   (no cloak)
rCorr    .         Rampage  .   (no gloves)
Will     .....                  (no boots)
Stlth    +.........             (no amulet)
HPRegen  0.06/turn              (no ring)
MPRegen  0.09/turn              (no ring)

@: no status effects
A: small, mutation resistance 1
a: no special abilities


You were on level 1 of the Dungeon.
You visited 1 branch of the dungeon, and saw 1 of its levels.

Inventory:

Hand Weapons
 a - a +0 falchion (weapon)
Armour
 b - a +0 leather armour (worn)


   Skills:
 * Level 1.9 Fighting
 * Level 2.1 Long Blades
 * Level 1.1 Throwing
 * Level 1.3 Armour
 * Level 2.4 Dodging
 + Level 1.5 Spellcasting
 + Level 3.3 Translocations


You had 4 spell levels left.
You didn't know any spells.
Your spell library contained the following spells:

 Spells                   Type           Power        Failure   Level
 Blink                    Tloc           N/A          16%         2
 Gell's Gravitas          Tloc           4%           30%         3
 Lesser Beckoning         Tloc           4%           30%         3
 Teleport Other           Tloc           8%           30%         3
 Passage of Golubria      Tloc           N/A          69%         4


Dungeon Overview and Level Annotations

Branches:
Dungeon (1/15)

Altars:


Innate Abilities, Weirdness & Mutations

You are small and have problems with some larger weapons.
You are somewhat resistant to further mutation.


Message History

Really fire
e - 5 boomerangs of dispersal {!f}?
Unknown command.
You aren't carrying any items that you can evoke.
Throw: 5 boomerangs (disperse) {!f}
Aim: a jackal (almost dead, 47% to hit)
You throw a boomerang of dispersal {!f}.
The boomerang of dispersal {!f} hits the jackal.
The jackal blinks!
You kill the jackal!
The jackal misses you.
You have reached level 2!
Throw: 4 boomerangs (disperse) {!f}
Aim: a jackal (translocational energy, 47% to hit)
You throw a boomerang of dispersal {!f}.
The boomerang of dispersal {!f} barely misses the jackal.
The boomerang of dispersal {!f} hits the jackal.
The jackal blinks!
You feel a bit more experienced. The jackal misses you.
You riposte.
You hit the jackal. The jackal misses you.
Throw: 3 boomerangs (disperse) {!f}
Aim: a jackal (translocational energy, moderately wounded, 47% to hit)
You throw a boomerang of dispersal {!f}.
The boomerang of dispersal {!f} hits the jackal.
The jackal blinks!
You kill the jackal!
The jackal closely misses you.
Unknown command.
Throw: 2 boomerangs (disperse) {!f}
Aim: a jackal (translocational energy, 47% to hit)
You throw a boomerang of dispersal {!f}.
The boomerang of dispersal {!f} hits the jackal.
The jackal blinks!
You kill the jackal!
The jackal bites you but does no damage.
Unknown command.
Really fire
e - a boomerang of dispersal {!f}?
Throw: boomerang (disperse) {!f}
Aim: a jackal (translocational energy, 47% to hit)
You throw a boomerang of dispersal {!f}.
The boomerang of dispersal {!f} barely misses the jackal.
The boomerang of dispersal {!f} hits the hobgoblin.
The hobgoblin blinks!
The jackal bites you but does no damage.
The jackal misses you.
You riposte.
You barely miss the jackal.
You aren't carrying any potions.
Okay, then.
Blink to where?
As you read the scroll of blinking, it crumbles to dust.
The jackal bites you.
You die...

######..##
...........
..........#
.####......#
###########.##.#
.......
#≈PP.........#.#
.......
#PP≈##.###.....#
....... #≈≈P##.#
#...### #.##PP≈#
###.# #.##P≈P#
#h# #...P≈≈# #@#
#.#####≈P≈...#
#.# #PP≈##.#
#.### #P≈P #.#
#...# #. ≈P#
#.<.# # ≈≈#
#......... P≈#
##############


You could see a jackal.

Vanquished Creatures
  7 jackals (D:1)
  A frilled lizard (D:1)
8 creatures vanquished.

Notes
Turn   | Place    | Note
-------+----------+-------------------------------------------
     0 | D:1      | MalarOregon the Halfling Warper began the quest for the
                  | Orb.
     0 | D:1      | Reached XP level 1. HP: 14/14 MP: 3/3
    57 | D:1      | Reached XP level 2. HP: 2/19 MP: 4/4
    70 | D:1      | Slain by a jackal

Illustrated notes

Levels and vault maps discovered:
D:1:      psy_arrival_conway, layout_basic, nemelex_xobeh_ov_fountains_minmay

Action                   || total
-------------------------++-------
Melee: Falchion          ||    18
Throw: Boomerang         ||     5
  Use: Scroll            ||     1
Armor: Leather armour    ||     8
Dodge: Dodged            ||    17
       Rpst.: Falchion   ||     8
